 Dungeon Crawl Stone Soup version 0.30-a0-793-g160f7cfddd (webtiles) character file.

Game seed: 236315269658018870

84 Farfigtubin the Sneak (level 4, -3/28 HPs)
             Began as a Kobold Brigand on Feb 19, 2023.
             Slain by an iguana (8 damage)
             ... on level 5 of the Dungeon.
             The game lasted 00:06:02 (750 turns).

Farfigtubin the Sneak (Kobold Brigand)               Turns: 750, Time: 00:06:02

Health: -3/28      AC:  3    Str:  8    XL:     4   Next: 72%
Magic:  4/4        EV: 14    Int: 12    God:
Gold:   13         SH:  0    Dex: 18    Spells: 3/3 levels left

rFire   . . .      SeeInvis .    a - +2 dagger
rCold   . . .      Faith    .    (no shield)
rNeg    . . .      Spirit   .    b - +0 robe
rPois   .          Reflect  .    (no helmet)
rElec   .          Harm     .    c - +0 cloak
rCorr   .          Rampage  .    (no gloves)
Will    .....                    (no boots)
Stlth   +++++                    (no amulet)
HPRegen 0.24/turn                (no ring)
MPRegen 0.09/turn                (no ring)

@: no status effects
A: small, no large weapons, nightstalker 3
a: no special abilities


You were on level 5 of the Dungeon.
You visited 1 branch of the dungeon, and saw 5 of its levels.

You collected 13 gold pieces.

Inventory:

Hand Weapons
 a - a +2 dagger (weapon)
Missiles
 d - 9 poisoned darts (quivered)
 e - 3 curare-tipped darts
Armour
 b - a +0 robe (worn)
 c - a +0 cloak (worn)
Scrolls
 f - a scroll of teleportation {unknown}
 g - a scroll of enchant weapon {unknown}
 h - a scroll of identify {unknown}
 j - a scroll of fog {unknown}
Potions
 i - a potion of haste {unknown}


   Skills:
 + Level 3.1 Fighting
 + Level 3.7 Short Blades
 - Level 2.2 Throwing
 - Level 1.2 Dodging
 * Level 6.8 Stealth


You had 3 spell levels left.
You didn't know any spells.
Your spell library was empty.

Dungeon Overview and Level Annotations

Branches:
Dungeon (5/15)
 Temple: D:4-7

Altars:

Annotations:
D:2 Robin


Innate Abilities, Weirdness & Mutations

You are small and have problems with some larger weapons.
You are completely attuned to the shadows.


Message History

You hit the endoplasm.
You kill the endoplasm!
The necrophage attacks as you move away!
The necrophage barely misses you.
The necrophage attacks as you move away!
The necrophage hits you. As you open the door, it creaks loudly!
You hear an angry hiss.
The necrophage hits you.
The iguana enters a dispersal trap!
You blink.
An iguana comes into view.
The iguana blinks!
You open the door.
Found a stone staircase leading down.
There is an open door here.
The iguana attacks as you move away! The iguana misses you.
There is a stone staircase leading down here.
The iguana bites you!
You climb downwards.
There is a stone staircase leading up here.
You hit the iguana.
The iguana is lightly wounded.
The iguana bites you but does no damage.
You barely miss the iguana.
The iguana is lightly wounded.
The iguana bites you but does no damage.
You hit the iguana but do no damage.
The iguana is lightly wounded.
The iguana closely misses you.
You hit the iguana.
The iguana is lightly wounded.
The iguana barely misses you.
You hit the iguana but do no damage.
The iguana is lightly wounded.
You barely miss the iguana.
The iguana is lightly wounded.
The iguana bites you!
* * * LOW HITPOINT WARNING * * *
You barely miss the iguana. You punch the iguana.
The iguana is lightly wounded.
The iguana bites you!
You die...

###
#.#
#l#
#@#
#.#
#..
####


You could see an iguana.

Vanquished Creatures
  A jelly (D:4)
  4 adders
  2 endoplasms
  3 goblins
  A hobgoblin (D:2)
  2 kobolds (D:2)
  A quokka (D:1)
  2 ball pythons (D:1)
  4 rats (D:2)
20 creatures vanquished.

Notes
Turn   | Place    | Note
-------+----------+-------------------------------------------
     0 | D:1      | Farfigtubin the Kobold Brigand began the quest for the Orb.
     0 | D:1      | Reached XP level 1. HP: 12/12 MP: 1/1
   135 | D:2      | Reached XP level 2. HP: 18/18 MP: 2/2
   306 | D:2      | Reached skill level 6 in Stealth
   306 | D:2      | Reached XP level 3. HP: 22/22 MP: 3/3
   497 | D:2      | Noticed Robin
   678 | D:4      | Reached XP level 4. HP: 27/27 MP: 4/4
   711 | D:4      | Noticed a necrophage
   743 | D:5      | Entered Level 5 of the Dungeon
   750 | D:5      | Slain by an iguana

Illustrated notes

Levels and vault maps discovered:
D:1:      lightli_arrival_boilingwater, layout_loops_ring, minmay_liquid_box
D:2:      layout_loops_ring, minmay_pentomino_v4, uniq_robin
D:3:      layout_loops_corners, minmay_misc_feat_encased, minmay_misc_feat_rows,
          uniq_jessica
D:4:      layout_basic
D:5:      layout_basic, kennysheep_mini, kennysheep_generic_room_13, uniq_edmund

Skill      XL: |  1  2  3  4 |
---------------+-------------+-----
Short Blades   | 3 |  3.7
Stealth        | 6 |  6.8
Fighting       | 3 |  3.1
Throwing       | |  2.2
Dodging        | |  1.2

Action                     |  1- 3 |  4- 6 || total
---------------------------+-------+-------++-------
  Melee: Dagger            |    38 |    12 ||    50
         Punch             |       |     1 ||     1
   Stab: Sleeping          |    12 |     2 ||    14
 Armour: Robe              |     5 |     2 ||     7
  Dodge: Dodged            |     8 |     6 ||    14

Table legend: (Time is in decaauts)
 A = Elapsed time spent in this place.
 B = Non-inter-level travel time spent in this place.
 C = Inter-level travel time spent in this place.
 D = Time resting spent in this place.
 E = Time spent auto-exploring this place.
 F = Levels seen in this place.
 G = Mean time per level.
                   A        B        C        D        E       F      G
               +--------+--------+--------+--------+--------+-----+--------+
         Total |    742 |    742 |      0 |      0 |      0 |   5 |  148.4 |
       Dungeon |    742 |    742 |      0 |      0 |      0 |   5 |  148.4 |
               +--------+--------+--------+--------+--------+-----+--------+

Top non-repeatable levels by time:
     D:2: 474 daAuts
     D:3: 101 daAuts
     D:1: 83 daAuts
     D:4: 77 daAuts
     D:5: 5 daAuts
